 Dungeon Crawl Stone Soup version 0.19-a0-27-g415f530 (webtiles) character file.

66 Mefis the Magician (level 3, 0/19 HPs)
             Began as a Deep Elf Wizard on May 1, 2016.
             Slain by a kobold
             ... wielding a +0 short sword
              (5 damage)
             ... on level 3 of the Dungeon.
             The game lasted 00:05:54 (2528 turns).

Mefis the Magician (Deep Elf Wizard)                Turns: 2528, Time: 00:05:55

Health: 0/19       AC:  2    Str:  4    XL:     3   Next: 96%
Magic:  1/12       EV: 13    Int: 25    God:
Gold:   91         SH:  0    Dex: 13    Spells: 5 memorised, 3 levels left

rFire  . . .     SeeInvis .     (no weapon)
rCold  . . .     Gourm    .     a - +0 robe
rNeg   . . .     Faith    .     (no shield)
rPois  .         Spirit   .     b - +0 hat
rElec  .         Dismiss  .     (no cloak)
rCorr  .         Reflect  .     (no gloves)
SustAt .         Harm     .     (no boots)
MR     .....                    (no amulet)
Stlth  ++........               (no ring)
                                k - +2 ring of intelligence

@: repel missiles, not resistant to hostile enchantments, unstealthy
A: no striking features
a: no special abilities


You were on level 3 of the Dungeon.
You were hungry.

You visited 1 branch of the dungeon, and saw 3 of its levels.

You collected 91 gold pieces.

Inventory:

Missiles
 f - 75 arrows
Armour
 a - a +0 robe (worn)
 b - a +0 hat (worn)
Jewellery
 k - a +2 ring of intelligence (left hand)
Scrolls
 g - a scroll of remove curse {unknown}
 h - a scroll of immolation {unknown}
 i - 2 scrolls of blinking {unknown}
 j - 2 scrolls of teleportation {unknown}
 l - a scroll of identify {unknown}
 m - a scroll of enchant armour {unknown}
Potions
 e - a potion of heal wounds {unknown}
 n - a potion of brilliance {unknown}
 q - 2 potions of mutation {unknown}
Books
 c - a book of Minor Magic

   Spells                             Type                      Level
   a - Magic Dart                     Conjuration                  1
   b - Blink                          Translocation                2
   c - Call Imp                       Summoning                    2
   d - Repel Missiles                 Charms/Air                   2
   e - Slow                           Hexes                        2
   f - Conjure Flame                  Conjuration/Fire             3
   g - Mephitic Cloud                 Conjuration/Poison/Air       3
Comestibles
 d - a bread ration
 o - 3 fruits
 p - a beef jerky


   Skills:
 + Level 2.6 Dodging
 + Level 3.0 Stealth
 + Level 5.9 Spellcasting
 + Level 2.1 Conjurations
 + Level 0.4 Charms
 + Level 1.1 Summonings
 + Level 1.1 Translocations


You had 3 spell levels left.
You knew the following spells:

 Your Spells              Type           Power        Failure   Level  Hunger
a - Magic Dart            Conj           ###.         3%          1    None
b - Call Imp              Summ           ##......     10%         2    None
c - Blink                 Tloc           N/A          10%         2    None
d - Repel Missiles        Chrm/Air       #.....       12%         2    None
e - Mephitic Cloud        Conj/Pois/Air  ##......     17%         3    #......


Dungeon Overview and Level Annotations

Branches:
Dungeon (3/15)

Altars:


Message History

Aiming: Magic Dart
Press: ? - help, Shift-Dir - straight line, f/p - orc priest
Aim: an orc priest, wielding a falchion and wearing a leather armour (almost dead)
The magic dart hits the orc priest.
The orc priest is almost dead.
The orc priest barely misses you. The kobold hits you with a short sword.
The orc closely misses the orc.
An adder comes into view.
Casting: Magic Dart
Confirm with . or Enter, or press ? or * to list all spells.
Aiming: Magic Dart
Press: ? - help, Shift-Dir - straight line, f/p - orc priest
Aim: an orc priest, wielding a falchion and wearing a leather armour (almost dead)
The magic dart hits the orc priest.
The orc priest is almost dead.
The orc priest calls down the wrath of Beogh upon you.
Beogh smites you!
* * * LOW HITPOINT WARNING * * *
The kobold hits you with a short sword.
You die...

.#+#######
S........#
....oo.o.#
.........###.#
.o....K.....>##
......o@......#
............#.#
.########.#.#
.# # #


You could see an orc priest, an adder, 4 orcs and a kobold.

Vanquished Creatures
  An ooze (D:1)
  A worm (D:2)
  2 dart slugs (D:2)
  3 giant geckos
  5 bats
  4 giant cockroaches
  5 hobgoblins
  3 jackals (D:1)
  A quokka (D:2)
  4 giant newts (D:2)
  4 goblins
  7 kobolds
  9 rats
49 creatures vanquished.

Vanquished Creatures (collateral kills)
  A dart slug (D:1)
1 creature vanquished.

Grand Total: 50 creatures vanquished

Notes
Turn   | Place    | Note
--------------------------------------------------------------
     0 | D:1      | Mefis the Deep Elf Wizard began the quest for the Orb.
     0 | D:1      | Reached XP level 1. HP: 10/10 MP: 7/7
     2 | D:1      | Noticed a vampire
     4 | D:1      | Noticed a merfolk
     4 | D:1      | Noticed a centaur
     5 | D:1      | You fall through a shaft!
   413 | D:2      | Reached skill level 5 in Spellcasting
   413 | D:2      | Reached XP level 2. HP: 15/15 MP: 2/10
   418 | D:2      | Learned a level 2 spell: Call Imp
   421 | D:2      | Learned a level 2 spell: Blink
   424 | D:2      | Learned a level 2 spell: Repel Missiles
  1311 | D:1      | Reached XP level 3. HP: 19/19 MP: 7/11
  1316 | D:1      | Learned a level 3 spell: Mephitic Cloud
  1729 | D:1      | Noticed an ogre
  1731 | D:1      | Noticed a minotaur
  1733 | D:1      | Noticed a naga
  1733 | D:1      | Noticed a spriggan
  1735 | D:1      | Noticed a dwarf
  1735 | D:1      | Noticed a gargoyle
  1737 | D:1      | Noticed a formicid
  1737 | D:1      | Noticed a draconian
  1739 | D:1      | Noticed a vine stalker
  1739 | D:1      | Noticed an octopode
  1741 | D:1      | Noticed a troll
  1743 | D:1      | Noticed a tengu
  1743 | D:1      | Noticed a ghoul
  2528 | D:3      | Slain by a kobold

Vault maps used:
D:1:      kb_arrival_jail
D:3:      evilmike_ruin_ashenzari, lemuel_round_altar, first_bread

Skill      XL: |  1  2  3 |
---------------+----------+-----
Spellcasting   | 5 |  5.9
Conjurations   | 2 |  2.1
Stealth        | 3 |  3.0
Dodging        | |  2.6
Charms         | |  0.4
Summonings     | |  1.1
Translocations | |  1.1

Action                   || total
-------------------------++-------
 Cast: Magic Dart        ||   136
       Call Imp          ||     2
       Repel Missiles    ||     1
       Mephitic Cloud    ||     2
  Eat: Chunk             ||     4
Armor: Robe              ||     3
Dodge: Dodged            ||    14
